 Dungeon Crawl Stone Soup version 0.21-a0-270-g8204059 (webtiles) character file.

3161 Gagarin the Stinger (level 9, -1/59 HPs)
             Began as a Demonspawn Venom Mage on Sept 13, 2017.
             Was a Believer of Vehumet.
             Killed from afar by a lindwurm (shapeshifter) (36 damage)
             ... with a blast of flame
             ... on level 8 of the Dungeon.
             The game lasted 01:03:15 (11272 turns).

Gagarin the Stinger (Demonspawn Venom Mage)        Turns: 11272, Time: 01:03:16

Health: -1/59      AC: 10    Str: 10    XL:     9   Next: 62%
Magic:  15/18      EV: 14    Int: 18    God:    Vehumet [**....]
Gold:   264        SH:  0    Dex: 14    Spells: 13/20 levels left

rFire    . . .     SeeInvis +   A - +2 dagger (chaos)
rCold    + . .     Gourm    .   (no shield)
rNeg     . . .     Faith    .   a - +0 robe
rPois    +         Spirit   .   y - +2 helmet {SInv}
rElec    .         Reflect  .   E - +0 cloak {rPois}
rCorr    .         Harm     .   i - +0 pair of gloves
MR       .....                  h - +0 pair of boots
Stlth    ++++++....             (no amulet)
HPRegen  0.19/turn              u - +2 ring of protection
MPRegen  0.16/turn              g - ring of protection from cold

@: no status effects
A: hooves 1, nightstalker 3
a: Renounce Religion


You were on level 8 of the Dungeon.
You worshipped Vehumet.
Vehumet was pleased with you.
You were not hungry.

You visited 2 branches of the dungeon, and saw 9 of its levels.
You also visited: Sewer.

You collected 264 gold pieces.

Inventory:

Hand Weapons
 m - a +0 arbalest
 A - a +2 dagger of chaos (weapon)
Armour
 a - a +0 robe (worn)
 h - a +0 pair of boots (worn)
 i - a +0 pair of gloves (worn)
 y - a +2 helmet of see invisible (worn)
 E - a +0 cloak of poison resistance (worn)
Jewellery
 d - an uncursed amulet of harm
 g - a ring of protection from cold (right hand)
 u - a +2 ring of protection (left hand)
 M - an uncursed amulet of guardian spirit {unknown}
Wands
 e - a wand of flame (35/48)
 C - a wand of confusion (11/48)
 F - a wand of confusion (12/48)
 I - a wand of iceblast (1/15)
 L - a wand of polymorph (12/24)
Scrolls
 f - a scroll of fear {unknown}
 j - a scroll of identify
 p - a scroll of fog {unknown}
 r - a scroll of enchant weapon
 t - a scroll of remove curse
 w - 4 scrolls of magic mapping {unknown}
 D - a scroll of enchant armour {unknown}
 H - a scroll of amnesia {unknown}
 K - a scroll of blinking {unknown}
Potions
 l - 4 potions of agility
 n - 3 potions of might
 o - 2 potions of cancellation
 q - 2 potions of invisibility {unknown}
 x - 7 potions of flight
 z - 3 potions of brilliance
 G - a potion of haste
Books
 b - a Young Poisoner's Handbook

   Spells                             Type                      Level
   a - Sting                          Conjuration/Poison           1
   b - Poisonous Vapours              Poison/Air                   2
   c - Mephitic Cloud                 Conjuration/Poison/Air       3
   d - Olgreb's Toxic Radiance        Poison                       4
   e - Venom Bolt                     Conjuration/Poison           5
 J - a book of Maledictions

   Spells                             Type                      Level
   a - Corona                         Hexes                        1
   b - Ensorcelled Hibernation        Hexes/Ice                    2
   c - Confuse                        Hexes                        3
   d - Tukima's Dance                 Hexes                        3
   e - Dazzling Spray                 Conjuration/Hexes            3
Comestibles
 c - 4 bread rations
 k - a royal jelly
 B - a meat ration


   Skills:
 - Level 1.5 Fighting
 - Level 1.4 Short Blades
 - Level 3.9 Dodging
 - Level 4.8 Stealth
 + Level 6.0 Spellcasting
 + Level 6.0 Conjurations
 + Level 2.1 Ice Magic
 - Level 3.6 Air Magic
 + Level 6.4 Poison Magic
 + Level 2.4 Evocations


You had 13 spell levels left.
You knew the following spells:

 Your Spells              Type           Power        Failure   Level  Hunger
a - Sting                 Conj/Pois      ####         1%          1    None
b - Mephitic Cloud        Conj/Pois/Air  ###.....     4%          3    ##.....
c - Poisonous Vapours     Pois/Air       ###...       2%          2    None
d - Freeze                Ice            ##..         4%          1    None


Dungeon Overview and Level Annotations

Branches:
Dungeon (8/15)             Temple (1/1) D:5
   Lair: D:8-11

Altars:
Ashenzari
Cheibriados
Dithmenos
Elyvilon
Fedhas
Hepliaklqana
Kikubaaqudgha
Makhleb
Nemelex Xobeh
Okawaru
Qazlal
Ru
Sif Muna
Trog
Uskayaw
Vehumet
Wu Jian
Xom
Yredelemnul
Zin
The Shining One

Shops:
D:6 :

Annotations:
D:4 anet's ghost, novice DEWz


Innate Abilities, Weirdness & Mutations

You have large cloven feet.
You are completely attuned to the shadows.


Message History

Casting: Sting
Confirm with . or Enter, or press ? or * to list all spells.
Aiming: Poisonous Vapours
Press: ? - help, Dir - move target cursor, f/p - eye of devastation
Aim: an eye of devastation shaped shifter Poisonous vapours surround the eye of devastation!
You start resting.
A lindwurm comes into view.
Casting: Poisonous Vapours
Confirm with . or Enter, or press ? or * to list all spells.
Aiming: Poisonous Vapours
Press: ? - help, Dir - move target cursor, f/p - lindwurm
Aim: a lindwurm (hasn't noticed you) Poisonous vapours surround the lindwurm!
The lindwurm roars!
The lindwurm is engulfed in poison gas.
The lindwurm is poisoned.
The lindwurm breathes flames at you. The blast of flame hits you!
Ouch! That really hurt!
You die...

#####.#####.##....###
#.#
#.[.[.).[.......###.#
#######[#.#)........#
#......_...####
###.#...G..#
#.#......# #.######>#
########.# #.#
#..@.k...# #.#
#.######## #G# # #.#
#.# #G# #.# #.# #.#
.....#


You could see a lindwurm.

Vanquished Creatures
  A two-headed ogre (D:8)
  A hippogriff (D:7)
  A sky beast (D:8)
  An orc warrior (D:8)
  An ice beast (D:6)
  2 centaurs
  2 ogres
  Blork the orc (D:5)
  A scorpion (D:5)
  8 killer bees
  3 howler monkeys
  4 crimson imps
  2 hounds
  6 orc wizards
  Crazy Yiuf (D:5)
  2 bullfrog skeletons
  A gnoll shaman (D:7)
  7 orc priests
  A centaur skeleton (D:4)
  2 iguanas (D:6)
  5 worker ants
  A hound skeleton (D:5)
  2 worker ant zombies
  8 gnolls
  4 adders
  A shadow imp (D:6)
  An ooze (D:1)
  2 adder skeletons
  An adder zombie (D:3)
  A worm (D:2)
  A dart slug (D:2)
  5 leopard geckos
  26 orcs
  8 giant cockroaches
  6 goblins
  8 hobgoblins (D:2)
  2 jackals (D:6)
  4 quokkas
  6 ball pythons
  8 bats
  6 frilled lizards
  A jackal skeleton (D:5)
  21 kobolds
  A leopard gecko zombie (D:5)
  A quokka skeleton (D:5)
  15 rats
193 creatures vanquished.

Vanquished Creatures (others)
  A hound skeleton (D:7)
  A plant (D:8)
2 creatures vanquished.

Grand Total: 195 creatures vanquished

Notes
Turn   | Place    | Note
-------+----------+-------------------------------------------
     0 | D:1      | Gagarin the Demonspawn Venom Mage began the quest for the Orb.
     0 | D:1      | Reached XP level 1. HP: 13/13 MP: 3/3
   145 | D:1      | Gained mutation: You are slightly more attuned to the shadows. [demonic ancestry]
   145 | D:1      | Reached XP level 2. HP: 19/19 MP: 1/5
   783 | D:2      | Gained mutation: You are significantly more attuned to the shadows. [demonic ancestry]
   783 | D:2      | Reached XP level 3. HP: 24/24 MP: 6/6
   821 | D:2      | Learned a level 3 spell: Mephitic Cloud
  1470 | D:2      | Reached skill level 1 in Air Magic
  1526 | D:2      | Gained mutation: You have large cloven feet. [demonic ancestry]
  1526 | D:2      | Reached XP level 4. HP: 30/30 MP: 7/7
  1826 | D:3      | HP: 1/31 [leopard gecko (2)]
  1835 | D:2      | HP: 1/31 [leopard gecko (1)]
  2241 | D:3      | Found a glowing drain.
  2248 | Sewer    | Entered a sewer
  2724 | Sewer    | Reached skill level 1 in Short Blades
  2890 | D:3      | Reached skill level 1 in Fighting
  2890 | D:3      | Reached XP level 5. HP: 18/37 MP: 1/9
  3013 | D:3      | Noticed a centaur
  3024 | D:3      | Killed a centaur
  3548 | D:3      | Reached XP level 6. HP: 43/43 MP: 1/10
  3968 | D:3      | Learned a level 2 spell: Poisonous Vapours
  4365 | D:4      | Noticed anet's ghost (novice DEWz)
  4605 | D:3      | HP: 1/43 [orc wizard/magic dart (10)]
  5629 | D:4      | Reached XP level 7. HP: 23/48 MP: 4/12
  5803 | D:5      | Entered Level 5 of the Dungeon
  6355 | D:5      | Found a staircase to the Ecumenical Temple.
  6360 | Temple   | Entered the Ecumenical Temple
  6416 | Temple   | Became a worshipper of Vehumet
  6543 | D:5      | Noticed Blork the orc
  6570 | D:5      | Killed Blork the orc
  6883 | D:5      | Found a runed door.
  6887 | D:5      | Noticed Crazy Yiuf
  6909 | D:5      | Killed Crazy Yiuf
  7572 | D:5      | Reached * piety under Vehumet
  7572 | D:5      | Offered knowledge of Flame Tongue by Vehumet.
  7572 | D:5      | Reached XP level 8. HP: 54/54 MP: 11/14
  8236 | D:6      | Found Bikhlin's Book Shoppe.
  8332 | D:6      | Found a shattered altar of Ashenzari.
  8332 | D:6      | Found an ornate altar of the Wu Jian Council.
  8332 | D:6      | Found a glowing silver altar of Zin.
  8332 | D:6      | Found a glowing golden altar of the Shining One.
  8332 | D:6      | Found a deep blue altar of Sif Muna.
  8332 | D:6      | Found a white marble altar of Elyvilon.
  8685 | D:6      | Found a shimmering altar of Xom.
  8686 | D:6      | Found a burning altar of Makhleb.
  8882 | D:6      | Reached skill level 5 in Poison Magic
  9272 | D:7      | Found an ancient bone altar of Kikubaaqudgha.
  9281 | D:7      | Noticed a hippogriff
  9299 | D:7      | Killed a hippogriff
  9299 | D:7      | Reached skill level 5 in Spellcasting
  9608 | D:7      | Reached skill level 5 in Conjurations
  9608 | D:7      | Gained mutation: You are completely attuned to the shadows. [demonic ancestry]
  9608 | D:7      | Reached XP level 9. HP: 57/59 MP: 10/16
  9905 | D:8      | Offered knowledge of Freeze by Vehumet.
  9939 | D:8      | Reached ** piety under Vehumet
 10170 | D:8      | Learned a level 1 spell: Freeze
 10205 | D:8      | Reached skill level 1 in Evocations
 10498 | D:7      | Reached skill level 1 in Ice Magic
 10803 | D:8      | Found a sparkling altar of Nemelex Xobeh.
 10871 | D:8      | Noticed a two-headed ogre
 10906 | D:8      | Killed a two-headed ogre
 11214 | D:8      | Noticed a lindwurm
 11214 | D:8      | a raiju changed into a lindwurm
 11216 | D:8      | Noticed an eye of devastation
 11216 | D:8      | a lindwurm changed into an eye of devastation
 11269 | D:8      | Noticed a lindwurm
 11272 | D:8      | Killed from afar by a lindwurm (shapeshifter)

Vault maps used:
D:1:      roderic_octagonal_star
D:2:      first_bread, minmay_octomino_e4
D:3:      gup_sewer_entry_bowl, patterned_corridor
D:5:      cheibrodos_helix_gallery, temple_doors_e, uniq_crazy_yiuf_cottage,
          uniq_blork_the_orc
D:6:      grunt_temple_overflow_champion_of_chaos, grunt_temple_overflow_open,
          serial_shops, nicolae_shop_behind_doors
D:7:      old_standard_altar
D:8:      basic_altar, serial_bayou_pond_d
Temple:   cyrus_circular_temple
Sewer:    kennysheep_pipe_town

Skill      XL: |  1  2  3  4  5  6  7  8  9 |
---------------+----------------------------+-----
Stealth        | 2 3 4 |  4.8
Conjurations   | 2 3 5 6 |  6.0
Air Magic      | 1 2 3 |  3.6
Short Blades   | 1 |  1.4
Fighting       | 1 |  1.5
Spellcasting   | 3 4 5 6 |  6.0
Poison Magic   | 4 5 6 |  6.4
Dodging        | 2 3 |  3.9
Evocations     | 2 |  2.4
Ice Magic      | 2 |  2.1

Action                   |  1- 3 |  4- 6 |  7- 9 || total
-------------------------+-------+-------+-------++-------
Melee: Dagger            |    74 |   146 |   480 ||   700
 Cast: Sting             |    42 |    95 |    72 ||   209
       Mephitic Cloud    |       |     9 |    16 ||    25
       Poisonous Vapours |       |     9 |    60 ||    69
Evoke: Wand              |       |       |    12 ||    12
  Use: Potion            |       |     8 |     2 ||    10
       Scroll            |       |     5 |    10 ||    15
 Stab: Sleeping          |    14 |    13 |    18 ||    45
       Confused          |       |       |     3 ||     3
       Petrified         |       |       |     3 ||     3
       Petrifying        |       |       |     1 ||     1
  Eat: Chunk             |     2 |    16 |    21 ||    39
Armor: Robe              |    21 |    70 |   170 ||   261
Dodge: Dodged            |    53 |   141 |   314 ||   508

Table legend:
 A = Spawn XP
 B = Non-spawn XP
 C = Spawn XP percentage of total XP
 D = Spawn monster count
 E = Non-spawn monster count
 F = Spawn count percentage of total count
 G = Total turns spent on level
                    A         B        C        D         E        F      G
               +---------+---------+-------+---------+---------+-------+---------
         Total |       0 |    4517 |   0.0 |       0 |     194 |   0.0 | 11272
               +---------+---------+-------+---------+---------+-------+---------
           D:1 |       0 |      38 |   0.0 |       0 |      14 |   0.0 |   756
           D:2 |       0 |      66 |   0.0 |       0 |      30 |   0.0 |  1301
           D:3 |       0 |     372 |   0.0 |       0 |      32 |   0.0 |  2311
           D:4 |       0 |     407 |   0.0 |       0 |      15 |   0.0 |  1096
           D:5 |       0 |     554 |   0.0 |       0 |      22 |   0.0 |  1862
           D:6 |       0 |     453 |   0.0 |       0 |      14 |   0.0 |   942
           D:7 |       0 |    1130 |   0.0 |       0 |      24 |   0.0 |  1346
           D:8 |       0 |    1464 |   0.0 |       0 |      19 |   0.0 |   977
         Sewer |       0 |      33 |   0.0 |       0 |      24 |   0.0 |   617
               +---------+---------+-------+---------+---------+-------+---------
